 Dungeon Crawl Stone Soup version 0.28.0-53-g5a82cb258f (webtiles) character file.

Game seed: 1131533167302681345

23 Dadi the Cudgeller (level 2, -2/19 HPs)
             Began as a Gargoyle Fighter on July 12, 2022.
             Slain by a jackal (3 damage)
             ... on level 1 of the Dungeon.
             The game lasted 00:00:56 (839 turns).

Dadi the Cudgeller (Gargoyle Fighter)                Turns: 839, Time: 00:00:57

Health: -2/19      AC:  9    Str: 19    XL:     2   Next: 95%
Magic:  2/2        EV:  9    Int:  8    God:
Gold:   9          SH:  4    Dex:  9    Spells: 1/1 levels left

rFire   . . .      SeeInvis .   a - +0 flail
rCold   . . .      Faith    .   c - +0 buckler
rNeg    + . .      Spirit   .   b - +0 scale mail
rPois   ∞          Reflect  .   (no helmet)
rElec   +          Harm     .   (no cloak)
rCorr   .          Rampage  .   (no gloves)
Will    .....                   (no boots)
Stlth   ..........              (no amulet)
HPRegen 0.06/turn               (no ring)
MPRegen 0.08/turn               (no ring)

@: no status effects
A: sickness immunity, AC +2, negative energy resistance 1, electricity
resistance, torment resistance 1, petrification resistance
a: no special abilities


You were on level 1 of the Dungeon.
You visited 1 branch of the dungeon, and saw 1 of its levels.

You collected 9 gold pieces.

Inventory:

Hand Weapons
 a - a +0 flail (weapon)
Missiles
 e - a throwing net (quivered)
Armour
 b - a +0 scale mail (worn)
 c - a +0 buckler (worn)
Scrolls
 h - a scroll of blinking {unknown}
 i - a scroll of fear {unknown}
Potions
 d - a potion of might
 f - 2 potions of flight {unknown}
 g - a potion of curing {unknown}
 j - 2 potions of magic {unknown}


   Skills:
 - Level 3.2 Fighting
 + Level 3.3 Maces & Flails
 - Level 3.2 Armour
 - Level 3.2 Shields


You had one spell level left.
You didn't know any spells.
Your spell library was empty.

Dungeon Overview and Level Annotations

Branches:
Dungeon (1/15)

Altars:

Shops:
D:1 =


Innate Abilities, Weirdness & Mutations

You are immune to sickness and miasma.
Your stone body is resilient. (AC +2)
You are immune to poison.
You resist negative energy. (rN+)
You are resistant to electric shocks. (rElec)
You are resistant to unholy torment.
You are immune to petrification.


Message History

You hit the jackal.
The jackal is severely wounded.
The jackal bites you but does no damage.
The jackal closely misses you.
A goblin comes into view. It is wielding a +0 club.
The jackal closely misses you.
The jackal bites you but does no damage.
You barely miss the jackal.
The jackal is severely wounded.
You block the jackal's attack.
The jackal bites you but does no damage.
The jackal closely misses you. The jackal bites you.
The jackal closely misses you. The jackal completely misses you.
The goblin hits you but does no damage.
You barely miss the jackal.
The jackal is severely wounded.
The jackal completely misses you. The jackal barely misses you.
You block the jackal's attack. The goblin hits you but does no damage.
The jackal barely misses you. x2
The jackal bites you but does no damage.
You sock the jackal!
You kill the jackal!
The jackal barely misses you.
The jackal bites you but does no damage.
You block the goblin's attack. The jackal barely misses you. x2
The goblin hits you with a +0 club.
* * * LOW HITPOINT WARNING * * *
The jackal bites you but does no damage.
The jackal bites you.
* * * LOW HITPOINT WARNING * * *
You closely miss the jackal. The jackal bites you.
* * * LOW HITPOINT WARNING * * *
The jackal barely misses you.
You closely miss the jackal.
The jackal bites you but does no damage.
You hit the jackal.
The jackal is almost dead.
The jackal bites you but does no damage.
The jackal bites you.
You die...

##.#.## . .....#
..##..... ......
### ..... ...#
#..# ....
#†.###..# #
#.hh@...#
#.#.##.####.#
#...........####
###.##..........
#.. #)....#####
#.# #.....# #.#
#.....# #.#
###.### #.#
##.##


You could see 2 jackals.

Vanquished Creatures
  A ball python (D:1)
  3 endoplasms (D:1)
  5 goblins (D:1)
  A hobgoblin (D:1)
  A jackal (D:1)
  A kobold (D:1)
  2 quokkas (D:1)
  2 bats (D:1)
  2 frilled lizards (D:1)
  3 rats (D:1)
21 creatures vanquished.

Notes
Turn   | Place    | Note
-------+----------+-------------------------------------------
     0 | D:1      | Dadi the Gargoyle Fighter began the quest for the Orb.
     0 | D:1      | Reached XP level 1. HP: 14/14 MP: 1/1
     6 | D:1      | Noticed a wolf
     6 | D:1      | Noticed a salamander
     7 | D:1      | Noticed a black bear
     7 | D:1      | Noticed a rime drake
   148 | D:1      | Found a faded altar of an unknown god.
   174 | D:1      | Found Guhuzibb's Jewellery Boutique.
   187 | D:1      | Reached XP level 2. HP: 13/19 MP: 2/2
   839 | D:1      | Slain by a jackal

Illustrated notes

Levels and vault maps discovered:
D:1:      onia_arrival_zoo_common, layout_loops_cross,
          chequers_ecumenical_altar_simple_redux, serial_shops, shop_statue

Skill      XL: |  1  2 |
---------------+-------+-----
Maces & Flails | 3 |  3.3
Fighting       | |  3.2
Armour         | |  3.2
Shields        | |  3.2

Action                   || total
-------------------------++-------
Melee: Flail             ||    76
Armor: Scale mail        ||    73
Dodge: Dodged            ||    51
Block: Buckler           ||    19
